TOP OF THE 1ST |
Sunset District Fog batting - Pitching for Vermont Lake Monsters : RHP José Salinas
|
Pitching: RHP José Salinas
|
|
Batting: RHB Roberto Andrade
|
0-0: Ball 1-0: Foul Ball, location: 2F 1-1: Foul Ball, location: 2F 1-2: Ball 2-2: Ball 3-2: Base on Balls
|
Batting: LHB Ron Frazier
|
0-0: Ground out 3-1 (Groundball, 34S) Roberto Andrade to second
|
Batting: RHB Gabriel Maldonado
|
0-0: Called Strike Roberto Andrade is caught stealing 3rd base 0-1: Foul Ball, location: 2F 0-2: Ball 1-2: Foul Ball, location: 2F 1-2: Fly out, F8 (Line Drive, 8LD)
|
Top of the 1st over - 0 run(s), 0 hit(s), 0 error(s), 0 left on base; Sunset District 0 - Vermont 0 |
BOTTOM OF THE 1ST |
Vermont Lake Monsters batting - Pitching for Sunset District Fog : RHP Boyd Craig
|
Pitching: RHP Boyd Craig
|
|
Batting: LHB Dave Burns
|
0-0: Foul Ball, location: 2F 0-1: Foul Ball, location: 2F 0-2: Ball 1-2: Ball 2-2: Fly out, F8 (Flyball, 8RM)
|
Batting: RHB Dale Carney
|
0-0: Ball 1-0: Swinging Strike 1-1: Ball 2-1: Ball 3-1: Base on Balls
|
Batting: RHB Ray John
|
0-0: Ball 1-0: Ball 2-0: SINGLE (Groundball, 6MD) Dale Carney to second
|
Batting: LHB Juan Durán
|
0-0: Ball 1-0: Ball 2-0: Ground out 5-3 (Groundball, 56S) Dale Carney to third Ray John to second
|
Batting: RHB Pat Ings
|
0-0: Ball 1-0: Fly out, F4 (Popup, 4M)
|
Bottom of the 1st over - 0 run(s), 1 hit(s), 0 error(s), 2 left on base; Sunset District 0 - Vermont 0 |
TOP OF THE 2ND |
Sunset District Fog batting - Pitching for Vermont Lake Monsters : RHP José Salinas
|
Batting: LHB David Hunt
|
0-0: Ball 1-0: Called Strike 1-1: Ground out U3 (Groundball, 3L)
|
Batting: SHB Al Anderson
|
0-0: Called Strike 0-1: Foul Ball, location: 2F 0-2: Ball 1-2: Ball 2-2: Ball 3-2: Fly out, F2 (Popup, 2LF)
|
Batting: RHB Jim Lee
|
0-0: Fly out, F6 (Popup, 6MD)
|
Top of the 2nd over - 0 run(s), 0 hit(s), 0 error(s), 0 left on base; Sunset District 0 - Vermont 0 |
BOTTOM OF THE 2ND |
Vermont Lake Monsters batting - Pitching for Sunset District Fog : RHP Boyd Craig
|
Batting: RHB Wilbur Harris
|
0-0: Foul Ball, location: 2F 0-1: Ball 1-1: Swinging Strike 1-2: Strikes out looking
|
Batting: RHB Carlos Santos
|
0-0: Ball 1-0: Called Strike 1-1: Ball 2-1: Bunt for hit - play at first, batter OUT! 1-3
|
Batting: RHB John Howell
|
0-0: Swinging Strike 0-1: Ball 1-1: Ball 2-1: Ground out 5-3 (Groundball, 5L)
|
Bottom of the 2nd over - 0 run(s), 0 hit(s), 0 error(s), 0 left on base; Sunset District 0 - Vermont 0 |
TOP OF THE 3RD |
Sunset District Fog batting - Pitching for Vermont Lake Monsters : RHP José Salinas
|
Batting: RHB Luis Silva
|
0-0: Swinging Strike 0-1: Ball 1-1: Foul Ball, location: 2F 1-2: Foul Ball, location: 2F 1-2: Ball 2-2: SOLO HOME RUN (Flyball, 89XD), Distance : 432 ft
|
Batting: RHB Rafael Najcrea
|
0-0: Swinging Strike 0-1: Foul Ball, location: 2F 0-2: Foul Ball, location: 2F 0-2: Ball 1-2: Ground out 4-3 (Groundball, 4M)
|
Batting: RHB Michael Hart
|
0-0: Swinging Strike 0-1: Swinging Strike 0-2: Ball 1-2: Ball 2-2: Ball 3-2: Strikes out swinging
|
Batting: RHB Roberto Andrade
|
0-0: Ball 1-0: Foul Ball, location: 2F 1-1: Called Strike 1-2: Ground out 1-3 (Groundball, 15)
|
Top of the 3rd over - 1 run(s), 1 hit(s), 0 error(s), 0 left on base; Sunset District 1 - Vermont 0 |
BOTTOM OF THE 3RD |
Vermont Lake Monsters batting - Pitching for Sunset District Fog : RHP Boyd Craig
|
Batting: RHB Carlos Padilla
|
0-0: Ball 1-0: Foul Ball, location: 2F 1-1: SINGLE (Line Drive, 4D)
|
Batting: LHB Dave Burns
|
0-0: Ball 1-0: Ball 2-0: Called Strike 2-1: Swinging Strike 2-2: Strikes out looking
|
Batting: RHB Dale Carney
|
0-0: Called Strike 0-1: Foul Ball, location: 2F 0-2: Ball 1-2: Foul Ball, location: 2F 1-2: Strikes out swinging
|
Batting: RHB Ray John
|
0-0: Called Strike 0-1: Foul Ball, location: 2F 0-2: 2-RUN HOME RUN (Line Drive, 78XD), Distance : 419 ft
|
Batting: LHB Juan Durán
|
0-0: Ground out 5-3 (Groundball, 56S)
|
Bottom of the 3rd over - 2 run(s), 2 hit(s), 0 error(s), 0 left on base; Sunset District 1 - Vermont 2 |
TOP OF THE 4TH |
Sunset District Fog batting - Pitching for Vermont Lake Monsters : RHP José Salinas
|
Batting: LHB Ron Frazier
|
0-0: Foul Ball, location: 2F 0-1: Ball 1-1: SINGLE (Groundball, 34D)
|
Batting: RHB Gabriel Maldonado
|
0-0: Swinging Strike 0-1: Ball Ron Frazier is caught stealing 2nd base 1-1: Ball 2-1: SINGLE (Line Drive, 78M)
|
Batting: LHB David Hunt
|
0-0: Called Strike 0-1: Swinging Strike 0-2: Ball 1-2: Strikes out swinging
|
Batting: SHB Al Anderson
|
0-0: Foul Ball, location: 2F 0-1: Ball 1-1: Called Strike 1-2: Ball 2-2: SINGLE (Groundball, 4MD) Gabriel Maldonado to second
|
Batting: RHB Jim Lee
|
0-0: Ball 1-0: Ground out 4-3 (Groundball, 4)
|
Top of the 4th over - 0 run(s), 3 hit(s), 0 error(s), 2 left on base; Sunset District 1 - Vermont 2 |
BOTTOM OF THE 4TH |
Vermont Lake Monsters batting - Pitching for Sunset District Fog : RHP Boyd Craig
|
Batting: RHB Pat Ings
|
0-0: Ball 1-0: Ground out 5-3 (Groundball, 56)
|
Batting: RHB Wilbur Harris
|
0-0: Foul Ball, location: 2F 0-1: Fly out, F9 (Flyball, 9D)
|
Batting: RHB Carlos Santos
|
0-0: Ground out 1-3 (Groundball, 15)
|
Bottom of the 4th over - 0 run(s), 0 hit(s), 0 error(s), 0 left on base; Sunset District 1 - Vermont 2 |
TOP OF THE 5TH |
Sunset District Fog batting - Pitching for Vermont Lake Monsters : RHP José Salinas
|
Batting: RHB Luis Silva
|
0-0: Foul Ball, location: 2F 0-1: Foul Ball, location: 2F 0-2: Ball 1-2: Ball 2-2: Foul Ball, location: 2F 2-2: Hit by Pitch
|
Batting: RHB Rafael Najcrea
|
0-0: Swinging Strike 0-1: Swinging Strike 0-2: Foul Ball, location: 2F 0-2: Strikes out looking
|
Batting: RHB Michael Hart
|
0-0: Called Strike 0-1: Fly out, F8 (Flyball, 8RM)
|
Batting: RHB Roberto Andrade
|
0-0: SINGLE (Groundball, 6MD) Luis Silva to second
|
Batting: LHB Ron Frazier
|
0-0: Foul Ball, location: 2F 0-1: Ball 1-1: SINGLE (Groundball, 3D) Luis Silva to third Roberto Andrade to second Runner from 3rd tries for Home, SAFE, no throw or cutoff
|
Batting: RHB Gabriel Maldonado
|
0-0: Swinging Strike 0-1: Fly out, F6 (Popup, 5)
|
Top of the 5th over - 1 run(s), 2 hit(s), 0 error(s), 2 left on base; Sunset District 2 - Vermont 2 |
BOTTOM OF THE 5TH |
Vermont Lake Monsters batting - Pitching for Sunset District Fog : RHP Boyd Craig
|
Batting: RHB John Howell
|
0-0: Ball 1-0: SINGLE (Line Drive, 4)
|
Batting: RHB Carlos Padilla
|
0-0: Called Strike 0-1: Ball 1-1: Ball 2-1: Bunt - Flyout! F1
|
Batting: LHB Dave Burns
|
0-0: Called Strike 0-1: Ball John Howell steals 2nd base 1-1: Swinging Strike 1-2: Ball 2-2: SINGLE (Line Drive, 9LS) John Howell to third Runner from 3rd tries for Home, SAFE, no throw or cutoff
|
Batting: RHB Dale Carney
|
0-0: Called Strike 0-1: Foul Ball, location: 2F 0-2: Fly out, F7 (Flyball, 7LM)
|
Batting: RHB Ray John
|
0-0: Called Strike Dave Burns is caught stealing 2nd base
|
Bottom of the 5th over - 1 run(s), 2 hit(s), 0 error(s), 0 left on base; Sunset District 2 - Vermont 3 |
TOP OF THE 6TH |
Sunset District Fog batting - Pitching for Vermont Lake Monsters : RHP José Salinas
|
Batting: LHB David Hunt
|
0-0: Ground out U3 (Groundball, 3)
|
Batting: SHB Al Anderson
|
0-0: Called Strike 0-1: Ball 1-1: Foul Ball, location: 2F 1-2: Ball 2-2: Strikes out swinging
|
Batting: RHB Jim Lee
|
0-0: SINGLE (Line Drive, 89S)
|
Batting: RHB Luis Silva
|
0-0: Ball Throwing error on steal attempt, E2 Jim Lee to third 1-0: Foul Ball, location: 2F 1-1: Ball 2-1: Ball 3-1: Base on Balls
|
Batting: RHB Rafael Najcrea
|
0-0: Called Strike 0-1: Foul Ball, location: 2F 0-2: Foul Ball, location: 2F 0-2: Hit by Pitch Luis Silva to second
|
Batting: RHB Michael Hart
|
0-0: Called Strike 0-1: Ball 1-1: SINGLE (Groundball, 56D) Jim Lee scores Luis Silva to third Rafael Najcrea to second
|
Batting: RHB Roberto Andrade
|
0-0: Ball 1-0: Called Strike 1-1: Ball 2-1: SINGLE (Groundball, 6D) (infield hit) Luis Silva scores Rafael Najcrea to third Michael Hart to second
|
Batting: LHB Ron Frazier
|
0-0: Ball 1-0: Foul Ball, location: 2F 1-1: Ground out U3 (Groundball, 3S)
|
Top of the 6th over - 2 run(s), 3 hit(s), 1 error(s), 3 left on base; Sunset District 4 - Vermont 3 |
BOTTOM OF THE 6TH |
Vermont Lake Monsters batting - Pitching for Sunset District Fog : RHP Boyd Craig
|
Batting: RHB Ray John
|
0-0: Called Strike 0-1: SINGLE (Groundball, 56)
|
Batting: LHB Juan Durán
|
0-0: Foul Ball, location: 2F 0-1: Ball 1-1: Ball 2-1: Ball 3-1: Fly out, F7 (Flyball, 78S)
|
Batting: RHB Pat Ings
|
0-0: Ball 1-0: Ball 2-0: Ball 3-0: Called Strike 3-1: Grounds into double play, 4-6-3 (Groundball, 4)
|
Bottom of the 6th over - 0 run(s), 1 hit(s), 0 error(s), 0 left on base; Sunset District 4 - Vermont 3 |
TOP OF THE 7TH |
Sunset District Fog batting - Pitching for Vermont Lake Monsters : RHP José Salinas
|
Batting: RHB Gabriel Maldonado
|
0-0: Ball 1-0: Called Strike 1-1: SINGLE (Popup, 56D)
|
Batting: LHB David Hunt
|
0-0: Ball 1-0: Ball 2-0: Called Strike 2-1: Swinging Strike 2-2: Foul Ball, location: 2F 2-2: Grounds into double play, 6-4-3 (Groundball, 6)
|
Batting: SHB Al Anderson
|
0-0: Foul Ball, location: 2F 0-1: Ball 1-1: Foul Ball, location: 2F 1-2: Ball 2-2: SINGLE (Groundball, 4M)
|
Pitching: RHP Alexander Allen
|
|
Pinch Hitting: LHB Randy Daugherty
|
0-0: Ball 1-0: Ball 2-0: Swinging Strike 2-1: TRIPLE (Groundball, 3L) Al Anderson scores
|
Batting: RHB Luis Silva
|
0-0: Ground out 1-3 (Groundball, 23)
|
Top of the 7th over - 1 run(s), 3 hit(s), 0 error(s), 1 left on base; Sunset District 5 - Vermont 3 |
BOTTOM OF THE 7TH |
Vermont Lake Monsters batting - Pitching for Sunset District Fog : RHP Boyd Craig
|
Now at SS: Craig Barnes
|
|
Batting: RHB Wilbur Harris
|
0-0: Ball 1-0: Fly out, F7 (Flyball, 7LD)
|
Batting: RHB Carlos Santos
|
0-0: Called Strike 0-1: Ground out 4-3 (Groundball, 4M)
|
Batting: RHB John Howell
|
0-0: Called Strike 0-1: DOUBLE (Line Drive, 9LM)
|
Batting: RHB Carlos Padilla
|
0-0: Foul Ball, location: 2F 0-1: Fly out, F4 (Popup, 34D)
|
Bottom of the 7th over - 0 run(s), 1 hit(s), 0 error(s), 1 left on base; Sunset District 5 - Vermont 3 |
TOP OF THE 8TH |
Sunset District Fog batting - Pitching for Vermont Lake Monsters : RHP Alexander Allen
|
Batting: RHB Rafael Najcrea
|
0-0: Ball 1-0: Ball 2-0: Foul Ball, location: 2F 2-1: Ground out 6-3 (Groundball, 6M)
|
Batting: RHB Michael Hart
|
0-0: Swinging Strike 0-1: Ball 1-1: Called Strike 1-2: Ball 2-2: Ball 3-2: Foul Ball, location: 2F 3-2: Ground out 3-1 (Groundball, 34)
|
Batting: RHB Roberto Andrade
|
0-0: Ball 1-0: Ball 2-0: Ball 3-0: Base on Balls
|
Batting: LHB Ron Frazier
|
0-0: Called Strike Roberto Andrade steals 2nd base 0-1: Ball 1-1: Ball 2-1: Ball 3-1: Foul Ball, location: 2F 3-2: Strikes out swinging
|
Top of the 8th over - 0 run(s), 0 hit(s), 0 error(s), 1 left on base; Sunset District 5 - Vermont 3 |
BOTTOM OF THE 8TH |
Vermont Lake Monsters batting - Pitching for Sunset District Fog : RHP Boyd Craig
|
Batting: LHB Dave Burns
|
0-0: Fly out, F9 (Flyball, 89M)
|
Batting: RHB Dale Carney
|
0-0: Ground out 5-3 (Groundball, 5)
|
Batting: RHB Ray John
|
0-0: Ball 1-0: Foul Ball, location: 2F 1-1: DOUBLE (Line Drive, 9LD)
|
Batting: LHB Juan Durán
|
0-0: Ball 1-0: Fly out, F4 (Line Drive, 4)
|
Bottom of the 8th over - 0 run(s), 1 hit(s), 0 error(s), 1 left on base; Sunset District 5 - Vermont 3 |
TOP OF THE 9TH |
Sunset District Fog batting - Pitching for Vermont Lake Monsters : RHP Alexander Allen
|
Pitching: RHP Miguel Castillo
|
|
Batting: RHB Gabriel Maldonado
|
0-0: Ball 1-0: Swinging Strike 1-1: SOLO HOME RUN (Flyball, 8LXD), Distance : 445 ft
|
Batting: LHB David Hunt
|
0-0: Ball 1-0: Ball 2-0: SINGLE (Line Drive, 9LS)
|
Batting: SHB Al Anderson
|
0-0: Ball 1-0: Called Strike 1-1: Swinging Strike 1-2: Ball 2-2: Ball 3-2: Strikes out swinging
|
Batting: SHB Craig Barnes
|
0-0: Called Strike 0-1: Ball 1-1: Ball 2-1: Called Strike 2-2: Ball 3-2: Foul Ball, location: 2F 3-2: Foul Ball, location: 2F 3-2: Base on Balls David Hunt to second
|
Batting: RHB Luis Silva
|
0-0: Ball 1-0: Fly out, F8 (Flyball, 89D) Runner from 2nd tags up, SAFE at 3rd, no throw
|
Batting: RHB Rafael Najcrea
|
0-0: Ball 1-0: Ball 2-0: Ball 3-0: Called Strike 3-1: Swinging Strike 3-2: Base on Balls Craig Barnes to second
|
Pinch Hitting: SHB Brian Ray
|
0-0: Ball 1-0: Fielders Choice at 2nd, U6 (Groundball, 6M)
|
Top of the 9th over - 1 run(s), 2 hit(s), 0 error(s), 3 left on base; Sunset District 6 - Vermont 3 |
BOTTOM OF THE 9TH |
Vermont Lake Monsters batting - Pitching for Sunset District Fog : RHP Boyd Craig
|
Now at 3B: Monte Pollard
|
|
Batting: RHB Pat Ings
|
0-0: Hit by Pitch
|
Pitching: LHP Matthew Watts
|
|
Batting: RHB Wilbur Harris
|
0-0: Ball 1-0: Ball 2-0: Called Strike 2-1: Ball 3-1: Foul Ball, location: 2F 3-2: Base on Balls Pat Ings to second
|
Pinch Hitting: RHB Ramiro Rico
|
0-0: Swinging Strike 0-1: Foul Ball, location: 2F 0-2: Foul Ball, location: 2F 0-2: Ball 1-2: Foul Ball, location: 2F 1-2: Ball 2-2: Strikes out swinging
|
Pinch Hitting: RHB Bill McCarty
|
0-0: Ball 1-0: Foul Ball, location: 2F 1-1: Ball 2-1: Foul Ball, location: 2F 2-2: Foul Ball, location: 2F 2-2: Foul Ball, location: 2F 2-2: Ball 3-2: Base on Balls Pat Ings to third Wilbur Harris to second
|
Batting: RHB Carlos Padilla
|
0-0: Called Strike 0-1: Called Strike 0-2: Strikes out swinging
|
Pinch Hitting: RHB Teddy Pelham
|
0-0: Ball 1-0: Called Strike 1-1: Ball 2-1: Ball 3-1: Foul Ball, location: 2F 3-2: DOUBLE (Line Drive, 7D) Pat Ings scores Wilbur Harris scores Bill McCarty to third Bill McCarty scores
|
Batting: RHB Dale Carney
|
0-0: Called Strike 0-1: Ball 1-1: SINGLE (Groundball, 56D) Teddy Pelham to third Runner from 3rd tries for Home, SAFE, no throw or cutoff
|
|